 Dungeon Crawl Stone Soup version 0.30.1-4-g462c640d31 (webtiles) character file.

Game seed: 16912520334270005731

1338 Peloso the Slasher (level 8, 0/71 HPs)
             Began as a Barachi Fighter on Aug 28, 2023.
             Killed from afar by an electric eel (10 damage)
             ... with a bolt of electricity
             ... on level 6 of the Dungeon.
             The game lasted 00:17:23 (4381 turns).

Peloso the Slasher (Barachi Fighter)                Turns: 4381, Time: 00:17:27

Health: 0/71       AC: 11    Str: 17    XL:     8   Next: 61%
Magic:  7/7        EV:  8    Int:  8    God:
Gold:   229        SH:  5    Dex: 15    Spells: 7/7 levels left

rFire   . . .        a - +0 long sword
rCold   . . .        d - +0 buckler
rNeg    . . .        c - +0 chain mail
rPois   .            k - +0 helmet
rElec   .            (no cloak)
rCorr   .            (no gloves)
SInv    .            (no boots)
Will    .....        i - amulet of regeneration Stlth
                     m - ring of flight
HPRegen 1.11/turn    (no ring)
MPRegen 0.10/turn

%: no passive effects
@: unable to hop, flying, slow
A: amphibious, slowness 1, strong legs 1, +LOS, low MP 1, sense surroundings 1,
robust 1
a: Hop


You were on level 6 of the Dungeon.
You visited 2 branches of the dungeon, and saw 7 of its levels.

You collected 229 gold pieces.

Inventory:

Hand Weapons
 a - a +0 long sword (weapon)
 b - a +1 whip of flaming
Armour
 c - a +0 chain mail (worn)
 d - a +0 buckler (worn)
 k - a +0 helmet (worn)
 y - a +0 scale mail of fire resistance
Jewellery
 i - an amulet of regeneration (around neck)
 m - a ring of flight (left hand)
Scrolls
 e - 2 scrolls of teleportation
 f - 2 scrolls of immolation {unknown}
 h - 2 scrolls of fear
 j - 2 scrolls of enchant armour
 l - 2 scrolls of identify
 n - a scroll of enchant weapon {unknown}
 q - a scroll of amnesia {unknown}
 r - a scroll of vulnerability {unknown}
 t - a scroll of poison {unknown}
 u - a scroll of silence {unknown}
Potions
 g - a potion of brilliance
 o - a potion of mutation
 p - a potion of lignification {unknown}
 s - a potion of heal wounds {unknown}
 v - 2 potions of might
 w - 2 potions of curing
 x - a potion of attraction {unknown}
 z - a potion of degeneration {unknown}


   Skills:
 + Level 6.4 Fighting
 + Level 7.9 Long Blades
 + Level 6.9 Armour
 + Level 2.9 Dodging
 + Level 5.0 Shields


You had 7 spell levels left.
You didn't know any spells.
Your spell library contained the following spells:

 Spells                   Type           Power      Damage    Failure   Level
 Freeze                   Ice            0%         1d3       99%         1
 Sting                    Tmut/Pois      0%         1d3       99%         1
 Poisonous Vapours        Pois/Air       0%         N/A       100%        2
 Frozen Ramparts          Ice            0%         1d1       100%        3
 Hailstorm                Conj/Ice       0%         3d3       100%        3
 Leda's Liquefaction      Hex/Erth       0%         N/A       100%        4
 Olgreb's Toxic Radiance  Pois           0%         N/A       100%        4
 Lee's Rapid Deconstruct  Erth           0%         3d4*      100%        5
 Statue Form              Tmut/Erth      0%         N/A       100%        6


Dungeon Overview and Level Annotations

Branches:
Dungeon (6/15)             Temple (1/1) D:4

Altars:
Ashenzari
Cheibriados
Dithmenos
Elyvilon
Fedhas
Gozag
Hepliaklqana
Kikubaaqudgha
Makhleb
Qazlal
Ru
Sif Muna
Trog
Uskayaw
Vehumet
Wu Jian
Xom
Yredelemnul
Zin

Shops:
D:2 (?[   D:5 *=?[


Innate Abilities, Weirdness & Mutations

You are amphibious.
You cover ground slowly.
You can hop short distances.
You have an extended range of vision and can be seen from far away.
Your magical capacity is low. (-10% MP)
You passively map a small area around you.
You are robust. (+10% HP)


Message History

The orc warrior misses you.
You barely miss the orc warrior.
The orc warrior is lightly wounded.
The orc warrior closely misses you.
You hit the orc warrior.
The orc warrior is moderately wounded.
The orc warrior closely misses you.
You barely miss the orc warrior.
The orc warrior is moderately wounded.
The orc warrior barely misses you.
You hit the orc warrior but do no damage.
The orc warrior is moderately wounded.
The orc warrior hits you with a +0 battleaxe!
You hit the orc warrior.
The orc warrior is moderately wounded.
The orc warrior hits you with a +0 battleaxe.
You closely miss the orc warrior.
The orc warrior is moderately wounded.
A hound comes into view.
You block the orc warrior's attack. The black bear bites you.
The black bear claws you but does no damage. x2
The hound barks!
You hit the orc warrior but do no damage.
The orc warrior is moderately wounded.
You block the orc warrior's attack. The black bear bites you.
The black bear claws you but does no damage. x2
You closely miss the orc warrior.
The orc warrior is moderately wounded.
The orc warrior hits you with a +0 battleaxe!
* * * LOW HITPOINT WARNING * * *
You block the black bear's attack. x2; The black bear claws you.
* * * LOW HITPOINT WARNING * * *
Hop to where?
Press: ? - help, Dir - move target A shadow imp comes into view.
Boing!
The shadow imp summons a swarm of flies.
The electric eel shoots out a bolt of lightning at you!
The bolt of electricity hits you!
You die...

~~~..~..~..~..~~ , *
*~~~.5~.hS~...~# *
~..S.......# * * ##
~~........# * #.#
,,........ * *..,, ..=..
* , #.* #..#.# * *
#.#####.##.#########.#
#.h†.h!.@............#
####o##.##.....>.### *
#...#............#
,...#..............#####*
* ###...#.####.).........
##.##.# #.).....##. #.
#.####.#>..#.##, #.
#.............#,
#.##.#....##.#<..#


You could see an orc warrior, a black bear, a hound, an electric eel and a
shadow imp.

Vanquished Creatures
  Pikel (D:4)
  A water moccasin (D:6)
  A black bear (D:6)
  A lemure (D:4)
  A phantom (D:4)
  A bullfrog zombie (D:4)
  3 hounds
  An orc priest (D:4)
  4 iguanas
  Crazy Yiuf (D:5)
  A sleepcap (D:6)
  Terence (D:3)
  2 orc wizards (D:4)
  A scorpion zombie (D:4)
  Robin (D:3)
  3 gnolls (D:3)
  6 adders
  A shadow imp (D:5)
  2 white imps (D:5)
  A worm (D:2)
  2 dart slugs
  14 orcs
  8 ball pythons
  3 bats (D:2)
  14 endoplasms
  6 giant cockroaches
  17 goblins
  6 hobgoblins
  6 jackals
  10 kobolds
  2 quokkas
  8 rats
130 creatures vanquished.

Notes
Turn   | Place    | Note
-------+----------+-------------------------------------------
     0 | D:1      | Peloso the Barachi Fighter began the quest for the Orb.
     0 | D:1      | Reached XP level 1. HP: 18/18 MP: 1/1
   119 | D:1      | Reached XP level 2. HP: 25/25 MP: 2/2
   390 | D:1      | Reached XP level 3. HP: 30/30 MP: 3/3
   810 | D:2      | Found Ummag's Magic Scroll Boutique.
   904 | D:2      | Reached skill level 3 in Long Blades
   945 | D:2      | Found a faded altar of an unknown god.
  1001 | D:2      | Found Kothrenoc's Weapon Shop.
  1175 | D:2      | Reached XP level 4. HP: 36/37 MP: 4/4
  1284 | D:2      | Found Zeoprux's Antique Armour Shop.
  1359 | D:3      | Noticed Terence
  1395 | D:3      | Killed Terence
  1480 | D:3      | Reached skill level 4 in Long Blades
  1576 | D:3      | Reached XP level 5. HP: 43/43 MP: 5/5
  1753 | D:3      | Found a sacrificial altar of Ru.
  1885 | D:3      | Noticed Robin
  1891 | D:3      | Killed Robin
  2216 | D:4      | HP: 2/43 [orc wizard/puff of flame (9)]
  2219 | D:4      | Gained mutation: Your magical capacity is low. (-10% MP)
                  | [potion of mutation]
  2219 | D:4      | Gained mutation: You are robust. (+10% HP) [potion of
                  | mutation]
  2219 | D:4      | Gained mutation: You passively map a small area around you.
                  | [potion of mutation]
  2319 | D:4      | Reached skill level 5 in Armour
  2335 | D:4      | Reached skill level 1 in Dodging
  2335 | D:4      | Reached XP level 6. HP: 15/53 MP: 5/5
  2422 | D:4      | Found a staircase to the Ecumenical Temple.
  2437 | Temple   | Entered the Ecumenical Temple
  2698 | D:4      | Found a radiant altar of Vehumet.
  2745 | D:4      | Noticed Pikel
  2781 | D:4      | Killed Pikel
  2782 | D:4      | Reached skill level 5 in Fighting
  2782 | D:4      | Reached skill level 6 in Long Blades
  2782 | D:4      | Reached XP level 7. HP: 10/61 MP: 6/6
  3032 | D:4      | Found a basalt altar of Yredelemnul.
  3337 | D:4      | Reached XP level 8. HP: 68/70 MP: 7/7
  3388 | D:5      | Entered Level 5 of the Dungeon
  3494 | D:5      | Reached skill level 7 in Long Blades
  3637 | D:5      | Found a runed translucent door.
  3637 | D:5      | Noticed Crazy Yiuf
  3948 | D:5      | Found Yruesm's General Store.
  3949 | D:5      | Found Rury's Jewellery Emporium.
  3953 | D:5      | Found Doiw's Antique Armour Emporium.
  3953 | D:5      | Found Erothits's Magic Scroll Boutique.
  4188 | D:5      | Killed Crazy Yiuf
  4367 | D:6      | Reached skill level 5 in Shields
  4381 | D:6      | Killed from afar by an electric eel

Illustrated notes

Levels and vault maps discovered:
D:1:      amcnicky_arrival_underground_garden, layout_loops_ring,
          chequers_serial_rivers_room_b
D:2:      layout_rooms, serial_shops, nicolae_square_shop, shop, shop,
          chequers_ecumenical_altar_simple, minivault_25
D:3:      layout_basic, mainiacjoe_overflow_boulevard, uniq_terence, uniq_robin
D:4:      minmay_angry_zag, layout_basic, lemuel_zombie_altar_yredelemnul,
          mainiacjoe_overflow_surrounded_room, minmay_temple_entry_large_hall,
          uniq_pikel
D:5:      layout_basic, nicolae_wooded_promenade, uniq_crazy_yiuf_cottage
D:6:      cheibrodos_helix_gallery, layout_loops_ring, serial_shops,
          nicolae_shop_real_fake_doors
Temple:   nicolae_temple_elliptical

Skill      XL: |  1  2  3  4  5  6  7  8 |
---------------+-------------------------+-----
Armour         | 4 5 6 |  6.9
Fighting       | 4 5 6 |  6.4
Long Blades    | 3 4 6 7 |  7.9
Shields        | 4 5 |  5.0
Dodging        | 1 2 |  2.9

Action                     |  1- 3 |  4- 6 |  7- 9 || total
---------------------------+-------+-------+-------++-------
  Melee: Long sword        |   107 |   212 |   237 ||   556
Ability: Hop               |       |     1 |     2 ||     3
    Use: Potion            |     3 |     3 |       ||     6
         Scroll            |     1 |     2 |       ||     3
 Armour: Scale mail        |    53 |   109 |    68 ||   230
         Chain mail        |       |       |    88 ||    88
  Dodge: Dodged            |    57 |   121 |   161 ||   339
  Block: Buckler           |    36 |    66 |    83 ||   185
